 Dungeon Crawl Stone Soup version 0.21-a0-137-g951aa02 (webtiles) character file.

36 Shimatora the Ruffian (level 3, 0/23 HPs)
             Began as a Gargoyle Monk on July 19, 2017.
             Slain by an adder (3 damage)
             ... on level 3 of the Dungeon.
             The game lasted 00:03:00 (1134 turns).

Shimatora the Ruffian (Gargoyle Monk)               Turns: 1134, Time: 00:03:01

Health: 0/23       AC:  5    Str: 15    XL:     3   Next: 37%
Magic:  3/3        EV: 12    Int: 10    God:
Gold:   41         SH:  0    Dex: 12    Spells: 2/2 levels left

rFire    . . .     SeeInvis .     - Unarmed
rCold    . . .     Gourm    .   (no shield)
rNeg     + . .     Faith    .   a - +0 robe
rPois    ∞         Spirit   .   (no helmet)
rElec    +         Reflect  .   (no cloak)
rCorr    .         Harm     .   (no gloves)
MR       .....                  (no boots)
Stlth    ++........             (no amulet)
HPRegen  0.07/turn              (no ring)
MPRegen  0.08/turn              (no ring)

@: no status effects
A: negative energy resistance 1, electricity resistance, unbreathing,
petrification resistance, rot immunity, AC +3
a: no special abilities


You were on level 3 of the Dungeon.
You were hungry.

You visited 1 branch of the dungeon, and saw 3 of its levels.

You collected 41 gold pieces.


Innate Abilities, Weirdness & Mutations

You are resistant to torment.
Your stone body is resilient. (AC +3)
You are immune to poison.
You resist negative energy. (rN+)
You are resistant to electric shocks. (rElec)
You can survive without breathing.
You are immune to petrification.
You are immune to rotting.


   Skills:
 - Level 3.2 Fighting
 - Level 2.4 Dodging
 - Level 2.1 Stealth
 + Level 4.3 Unarmed Combat


You had 2 spell levels left.
You didn't know any spells.

Inventory:

Missiles
 f - a throwing net {=f}
Armour
 a - a +0 robe (worn)
Jewellery
 j - an uncursed ring of stealth {unknown}
Wands
 g - a wand of lightning (4/15)
Scrolls
 c - 3 scrolls of amnesia {unknown}
 e - 3 scrolls of identify {unknown}
Potions
 d - a potion of agility {unknown}
 h - a potion of berserk rage {unknown}
 i - a potion of invisibility {unknown}
Comestibles
 b - a bread ration

Dungeon Overview and Level Annotations

Branches:
Dungeon (3/15)

Altars:
The Shining One

▒.......▒▒▒▒....▒
▒.▒... ▒▒......▒▒
▒....▒ ▒..▒ ▒▒
▒.......▒▒.....▒
▒.▒▒
▒...▒▒......▒▒.▒
▒.
▒....▒▒▒..▒▒▒..▒
▒▒
▒......▒▒▒▒...▒▒
▒............▒
▒.▒▒▒▒▒†..▒▒▒▒▒
▒.....)8S......
▒......o▒......
▒.......▒......
▒.......▒ ...g.
▒▒......▒ .....
▒▒▒▒▒▒▒▒ ....
▒...


You could see an adder, an orc and a hobgoblin.


Message History

You closely miss the adder. The adder barely misses you.
The orc closely misses you. The adder closely misses you.
You hit the adder.
The adder is lightly wounded.
The orc hits you.
* * * LOW HITPOINT WARNING * * *
The adder bites you.
* * * LOW HITPOINT WARNING * * *
You hit the adder.
The adder is heavily wounded.
The adder completely misses you. The orc barely misses you.
You hit the adder but do no damage.
The adder is heavily wounded.
The adder barely misses you. The orc hits you but does no damage.
A hobgoblin comes into view.
The hobgoblin shouts!
You hit the adder but do no damage.
The adder is heavily wounded.
The adder bites you.
* * * LOW HITPOINT WARNING * * *
The orc hits you.
* * * LOW HITPOINT WARNING * * *
You miss the adder.
The adder is heavily wounded.
The adder bites you.
You die...

Action                   || total
-------------------------++-------
Melee: Unarmed           ||    84
       Punch             ||     1
 Stab: Sleeping          ||     1
Armor: Robe              ||    26
Dodge: Dodged            ||    58

Vault maps used:
D:1:      dpeg_arrival_court
D:2:      nicolae_overflow_crystal_walls, serial_curves, eino_curves_01,
          eino_curves_02
D:3:      kennysheep_slug_shrine, first_bread, minmay_misc_feat_iff

Notes
Turn   | Place    | Note
-------+----------+-------------------------------------------
     0 | D:1      | Shimatora the Gargoyle Monk began the quest for the Orb.
     0 | D:1      | Reached XP level 1. HP: 14/14 MP: 1/1
    63 | D:2      | Reached XP level 2. HP: 12/19 MP: 2/2
   643 | D:2      | Found a glowing golden altar of the Shining One.
   819 | D:3      | Reached skill level 4 in Unarmed Combat
   841 | D:3      | Reached XP level 3. HP: 2/23 MP: 3/3
  1134 | D:3      | Slain by an adder

Vanquished Creatures
  An adder (D:3)
  An ooze (D:2)
  A worm (D:3)
  A dart slug (D:2)
  A leopard gecko (D:2)
  2 orcs (D:3)
  A goblin (D:2)
  2 jackals (D:2)
  A quokka (D:2)
  2 bats
  2 frilled lizards
  2 rats (D:2)
17 creatures vanquished.
